 Dungeon Crawl Stone Soup version 0.29.1-2-gbd0b4ee654 (webtiles) character file.

Game seed: 11266803336128425966

39 Henri the Sneak (level 3, 0/18 HPs)
             Began as a Vine Stalker Enchanter on Oct 29, 2022.
             Slain by a goblin
             ... wielding a +0 dagger
              (3 damage)
             ... on level 2 of the Dungeon.
             The game lasted 00:05:17 (1337 turns).

Henri the Sneak (Vine Stalker Enchanter)            Turns: 1337, Time: 00:05:18

Health: 0/18       AC:  3    Str: 10    XL:     3   Next: 45%
Magic:  0/7        EV: 12    Int: 17    God:
Gold:   61         SH:  0    Dex: 14    Spells: 1/6 levels left

rFire   . . .      SeeInvis .   a - +1 dagger
rCold   . . .      Faith    .   (no shield)
rNeg    . . .      Spirit   +   b - +0 robe
rPois   .          Reflect  .   (no helmet)
rElec   .          Harm     .   (no cloak)
rCorr   .          Rampage  .   k - +0 pair of gloves
Will    .....                   (no boots)
Stlth   +++.......              (no amulet)
HPRegen 0.06/turn               (no ring)
MPRegen 0.10/turn               (no ring)

@: no status effects
A: fangs 2, magic shield, antimagic bite, no potion heal 2
a: no special abilities


You were on level 2 of the Dungeon.
You visited 1 branch of the dungeon, and saw 2 of its levels.

You collected 61 gold pieces.

Inventory:

Hand Weapons
 a - a +1 dagger (weapon)
Armour
 b - a +0 robe (worn)
 k - a +0 pair of gloves (worn)
Scrolls
 e - a scroll of magic mapping {unknown}
 f - a scroll of teleportation
 j - 2 scrolls of poison
Potions
 c - 3 potions of invisibility
 d - 2 potions of heal wounds {unknown}
 g - 2 potions of resistance
 h - a potion of mutation
 i - a potion of curing
 l - a potion of lignification {unknown}
 m - a potion of berserk rage {unknown}


   Skills:
 + Level 1.1 Fighting
 + Level 1.5 Short Blades
 - Level 1.5 Dodging
 * Level 4.7 Stealth
 - Level 2.1 Spellcasting
 - Level 3.0 Hexes


You had one spell level left.
You knew the following spells:

 Your Spells              Type           Power      Damage    Failure   Level
a - Confusing Touch       Hex            12%        N/A       17%         3
b - Ensorcelled Hibernat  Hex/Ice        12%        N/A       16%         2

Your spell library contained the following spells:

 Spells                   Type           Power      Damage    Failure   Level
 Freeze                   Ice            4%         1d3       19%         1
 Tukima's Dance           Hex            12%        N/A       17%         3
 Dazzling Flash           Conj/Hex       12%        N/A       30%         3
 Frozen Ramparts          Ice            2%         1d1       50%         3
 Spider Form              Tmut/Pois      1%         N/A       50%         3
 Anguish                  Hex/Necr       3%         N/A       71%         4
 Hailstorm                Conj/Ice       1%         3d3       88%         4


Dungeon Overview and Level Annotations

Branches:
Dungeon (2/15)

Altars:

Annotations:
D:2 Sigmund


Innate Abilities, Weirdness & Mutations

You have extremely sharp teeth.
When hurt, damage is shared between your health and your magic reserves.
Your bite disrupts and absorbs the magic of your enemies.
Potions cannot restore your health.


Message History

The ball python closely misses you. The ball python misses you.
The ball python bites you. The ball python grabs you.
The ball python constricts you.
You escape the ball python's grasp.
You see here a rat corpse.
The ball python attacks as you move away!
The ball python bites you. The ball python closely misses you.
Sigmund laughs darkly.
Sigmund gestures wildly while chanting.
Sigmund flickers and vanishes!
Deactivating autopickup; reactivate with Ctrl-A.
You hit the ball python. Your bite misses the ball python.
The ball python is severely wounded.
The ball python closely misses you. The ball python misses you.
You hit the ball python.
You kill the ball python!
The goblin attacks as you move away! The goblin hits you with a +0 dagger.
The goblin attacks as you move away! The goblin closely misses you.
The goblin attacks as you move away! The goblin misses you.
The goblin attacks as you move away! The goblin hits you with a +0 dagger.
The goblin attacks as you move away! The goblin hits you with a +0 dagger.
The goblin attacks as you move away! The goblin hits you but does no damage.
A kobold comes into view.
It is wielding a +1 short sword of venom.
The goblin attacks as you move away! The goblin hits you but does no damage.
The goblin attacks as you move away! The goblin hits you but does no damage.
The goblin attacks as you move away! The goblin hits you but does no damage.
The goblin attacks as you move away! The goblin closely misses you.
The goblin attacks as you move away! The goblin hits you with a +0 dagger.
The goblin attacks as you move away! The goblin hits you with a +0 dagger.
* * * LOW HITPOINT WARNING * * *
Casting: Ensorcelled Hibernation (safe; 16% risk of failure)
Confirm with . or Enter, or press ? or * to list all spells.
Aiming: Ensorcelled Hibernation (safe; 16% risk of failure)
Press: ? - help, Shift-Dir - straight line, f - goblin
Aim: a goblin, wielding a +0 dagger (chance to affect: 57%)
The goblin resists with significant effort.
The goblin hits you with a +0 dagger.
* * * LOW HITPOINT WARNING * * *
The goblin attacks as you move away! The goblin hits you with a +0 dagger.
You die...

#....# #...# ##...## #...#
####...## ##...# ########
g......†###....# #.......
#####..........## #.......
##....#..#>.## #.......
#.....gg##..#########.......
#.##.##.....................
#.##......g@..<....##.......
.......####....######.......
#.####.## ##.....# #.......
.. #...# ###...####.......
K.# ..... ###......######
.####.### #......#
#...##...#######....# #
#..............####
#............#


You could see 3 goblins.

Vanquished Creatures
  An adder (D:2)
  3 endoplasms
  2 giant cockroaches (D:1)
  4 goblins
  3 hobgoblins
  3 jackals
  3 ball pythons
  A bat (D:2)
  2 frilled lizards (D:2)
  6 rats
28 creatures vanquished.

Notes
Turn   | Place    | Note
-------+----------+-------------------------------------------
     0 | D:1      | Henri the Vine Stalker Enchanter began the quest for the
                  | Orb.
     0 | D:1      | Reached XP level 1. HP: 9/9 MP: 4/4
    83 | D:1      | Reached skill level 1 in Short Blades
   235 | D:1      | Found a faded altar of an unknown god.
   238 | D:1      | Reached skill level 4 in Stealth
   249 | D:1      | Reached XP level 2. HP: 14/14 MP: 6/6
   263 | D:1      | Learned a level 2 spell: Ensorcelled Hibernation
  1013 | D:1      | Reached XP level 3. HP: 12/17 MP: 7/7
  1017 | D:1      | Learned a level 3 spell: Confusing Touch
  1170 | D:2      | Reached skill level 1 in Fighting
  1294 | D:2      | Noticed Sigmund
  1337 | D:2      | Slain by a goblin

Illustrated notes

Levels and vault maps discovered:
D:1:      dpeg_arrival_rooms_a, layout_loops_ring, basic_ecumenical_altar,
          grunt_decor_resistance, dreamdust_princess_corridor,
          serial_park_tiny_2, minmay_liquid_box, dk_noncrumbling_3
D:2:      layout_rooms, basic_altar, uniq_sigmund

Skill      XL: |  1  2  3 |
---------------+----------+-----
Short Blades   | 1 |  1.5
Stealth        | 4 |  4.7
Fighting       | 1 |  1.1
Dodging        | |  1.5
Spellcasting   | |  2.1
Hexes          | |  3.0

Action                   || total
-------------------------++-------
Melee: Dagger            ||    76
       Bite              ||    18
       Punch             ||     2
 Cast: Ensorcelled Hiber ||     8
  Use: Scroll            ||     5
 Stab: Sleeping          ||     9
Armor: Robe              ||    17
Dodge: Dodged            ||    57
